 Dungeon Crawl Stone Soup version 0.28.0-53-g5a82cb258f (webtiles) character file.

Game seed: 9365855563616662834

84148 VictoriousLee the Devastator (level 15, -18/92 HPs)
             Began as a Tengu Air Elementalist on Aug 13, 2022.
             Was a High Priest of Vehumet.
             Killed from afar by a thorn hunter (27 damage)
             ... with a volley of thorns
             ... on level 3 of the Swamp on Aug 26, 2022.
             The game lasted 04:36:58 (32889 turns).

VictoriousLee the Devastator (TeAE)                Turns: 32889, Time: 04:37:00

Health: -18/92     AC: 16    Str:  9    XL:     15   Next: 79%
Magic:  25/31      EV: 15    Int: 24    God:    Vehumet [*****.]
Gold:   1922       SH:  5    Dex: 24    Spells: 6/36 levels left

rFire   + + .      SeeInvis +   f - staff of fire
rCold   . . .      Faith    .   Z - +0 buckler
rNeg    + . .      Spirit   .   c - +2 ring mail of the Armoured One {rF+ Dex+6 Stlth-}
rPois   +          Reflect  .   B - +3 crown of Dyrovepreva {rElec Int+2 SInv}
rElec   +          Harm     .   b - +2 cloak
rCorr   .          Rampage  .   Y - +2 pair of gloves
Will    +....      Rage     1%  (boots unavailable)
Stlth   +.........              X - amulet of regeneration
HPRegen 1.05/turn               L - ring of poison resistance
MPRegen 0.22/turn               N - ring "Soant" {Wiz Contam rN+ Dex+3 SInv}

@: about to teleport, flying quickly and evasively, quick
A: beak, talons 3, nimble flight, berserk 1
a: Renounce Religion


You were on level 3 of the Swamp.
You worshipped Vehumet.
Vehumet was extremely pleased with you.
You visited 5 branches of the dungeon, and saw 25 of its levels.
You also visited: Ossuary.

You collected 2835 gold pieces.
You spent 913 gold pieces at shops.

Inventory:

Hand Weapons
 r - a +1 scimitar of flaming
 t - the +7 flail of Xusuv {speed, Str+3}
   (You found it on level 6 of the Lair of Beasts)

   Attacks with this weapon are significantly faster.
   Str:       It affects your strength (+3).
 M - the +9 long sword "Iheregg" {vorpal, rF+ Str+2 Int-2 Dex+8}
   (You found it on level 6 of the Lair of Beasts)

   It inflicts extra damage upon your enemies.
   Str:       It affects your strength (+2).
   Int:       It affects your intelligence (-2).
   Dex:       It affects your dexterity (+8).
   rF:        It protects you from fire.
Missiles
 e - 3 curare-tipped darts
 j - 3 boomerangs of dispersal
 n - 12 poisoned darts
 I - a throwing net
 O - 3 atropa-tipped darts
 W - 6 silver javelins
Armour
 b - a +2 cloak (worn)
 c - the +2 ring mail of the Armoured One (worn) {rF+ Dex+6 Stlth-}
   (You bought it in a shop on level 3 of the Dungeon)

   Dex:       It affects your dexterity (+6).
   rF:        It protects you from fire.
   Stlth:     It makes you less stealthy.
 o - +0 swamp dragon scales
 y - a +2 leather armour of cold resistance
 B - the +3 crown of Dyrovepreva (worn) {rElec Int+2 SInv}
   (You found it on level 5 of the Lair of Beasts)

   Int:       It affects your intelligence (+2).
   rElec:     It insulates you from electricity.
   SInv:      It lets you see invisible.
 S - the +1 robe "Muity" {rF+ Str+3 SInv}
   (You found it on level 9 of the Dungeon)

   Str:       It affects your strength (+3).
   rF:        It protects you from fire.
   SInv:      It lets you see invisible.
 Y - a +2 pair of gloves (worn)
 Z - a +0 buckler (worn)
Magical Staves
 f - a staff of fire (weapon)
Jewellery
 a - a +4 ring of protection
 q - a ring of protection from cold
 L - a ring of poison resistance (left hand)
 N - the ring "Soant" (right hand) {Wiz Contam rN+ Dex+3 SInv}
   (You acquired it on level 12 of the Dungeon)

   [ring of wizardry]

   It improves your spell success rate.
   Dex:       It affects your dexterity (+3).
   rN:        It protects you from negative energy.
   SInv:      It lets you see invisible.
   Contam:    It causes magical contamination when unequipped.
 X - an amulet of regeneration (around neck)
Wands
 u - a wand of digging (8)
 w - a wand of flame (35)
 F - a wand of polymorph (28)
 G - a wand of iceblast (6)
 U - a wand of acid (10)
Scrolls
 d - 8 scrolls of identify
 g - 2 scrolls of amnesia
 h - 4 scrolls of fear
 k - a scroll of magic mapping
 m - 2 scrolls of immolation
 s - 4 scrolls of blinking
 z - a scroll of enchant weapon
 D - 3 scrolls of enchant armour
 J - 2 scrolls of teleportation
 T - a scroll of holy word
 V - 2 scrolls of fog
Potions
 i - 7 potions of haste
 l - 7 potions of curing
 p - 3 potions of heal wounds
 v - a potion of ambrosia
 A - 4 potions of might
 C - 5 potions of lignification
 E - 4 potions of attraction
 H - 4 potions of brilliance
 P - a potion of cancellation
 Q - a potion of resistance
 R - a potion of mutation
Miscellaneous
 x - a phantom mirror
 K - a condenser vane


   Skills:
 - Level 10.0 Fighting
 - Level 10.7 Long Blades
 - Level 1.1 Maces & Flails
 - Level 5.7 Dodging
 - Level 2.0 Stealth
 - Level 2.0 Shields
 * Level 11.1 Spellcasting
 - Level 19.0 Conjurations
 - Level 2.0 Translocations
 - Level 12.1 Fire Magic
 - Level 12.0 Air Magic
 - Level 0.4 Evocations


You had 6 spell levels left.
You knew the following spells:

 Your Spells              Type           Power      Damage    Failure   Level
b - Iskenderun's Battles  Conj           81%        2d13      1%          5
c - Conjure Ball Lightni  Conj/Air       36%        3x3d12    1%          6
d - Orb of Destruction    Conj           40%        9d11      1%          7
e - Shock                 Conj/Air       100%       1d9       1%          1
f - Fireball              Conj/Fire      46%        3d18      1%          5
p - Blink                 Tloc           46%        N/A       4%          2
w - Flame Wave            Conj/Fire      93%        2d16      1%          4

Your spell library contained the following spells:

 Spells                   Type           Power      Damage    Failure   Level
 Spellforged Servitor     Conj/Summ      28%        N/A       30%         7
 Foxfire                  Conj/Fire      100%       2x1d9     1%          1
 Corpse Rot               Necr/Air       84%        N/A       1%          2
 Poisonous Vapours        Pois/Air       84%        N/A       1%          2
 Scorch                   Fire           100%       2d10      1%          2
 Static Discharge         Conj/Air       73%        N/A       1%          2
 Conjure Flame            Conj/Fire      93%        6-21      1%          3
 Inner Flame              Hex/Fire       59%        N/A       1%          3
 Swiftness                Air            63%        N/A       1%          3
 Airstrike                Air            31%        N/A       1%          4
 Apportation              Tloc           46%        N/A       3%          1
 Summon Lightning Spire   Summ/Air       42%        N/A       6%          4
 Animate Skeleton         Necr           26%        N/A       8%          1
 Beastly Appendage        Tmut           26%        N/A       8%          1
 Pain                     Necr           52%        1d6       8%          1
 Summon Small Mammal      Summ           52%        N/A       8%          1
 Gell's Gravitas          Tloc           23%        N/A       10%         3
 Lesser Beckoning         Tloc           23%        N/A       10%         3
 Teleport Other           Tloc           23%        N/A       10%         3
 Ensorcelled Hibernation  Hex/Ice        26%        N/A       11%         2
 Wereblood                Tmut           13%        N/A       11%         2
 Olgreb's Toxic Radiance  Pois           13%        N/A       19%         4
 Call Canine Familiar     Summ           13%        N/A       21%         3
 Spider Form              Tmut/Pois      13%        N/A       21%         3
 Summon Guardian Golem    Hex/Summ       13%        N/A       21%         3
 Tukima's Dance           Hex            13%        N/A       21%         3
 Anguish                  Hex/Necr       6%         N/A       54%         4
 Cause Fear               Hex            6%         N/A       54%         4
 Dispel Undead            Necr           13%        3d9       54%         4
 Manifold Assault         Tloc           23%        N/A       61%         5
 Agony                    Necr           13%        N/A       86%         5
 Excruciating Wounds      Necr           6%         N/A       86%         5
 Death Channel            Necr           6%         N/A       100%        6
 Summon Cactus Giant      Summ           6%         N/A       100%        6
 Ignition                 Fire           41%        3d12      56%         8
 Maxwell's Capacitive Co  Air            31%        ∞         58%         8
 Storm Form               Tmut/Air       21%        N/A       99%         7
 Dragon Form              Tmut           6%         N/A       100%        7
 Enfeeble                 Hex            6%         N/A       100%        7
 Ozocubu's Refrigeration  Ice            6%         4d6       100%        7
 Borgnjor's Revivificati  Necr           6%         N/A       100%        8
 Necromutation            Tmut/Necr      6%         N/A       100%        8
 Death's Door             Necr           6%         N/A       100%        9
 Dragon's Call            Summ           6%         N/A       100%        9


Dungeon Overview and Level Annotations

Branches:
Dungeon (13/15)            Temple (1/1) D:6            Lair (6/6) D:9
  Swamp (3/4) Lair:3       Spider (0/4) Lair:4        Slime (0/5) Lair:5
    Orc (2/2) D:12            Elf (0/3) Orc:2       Ossuary (visited)
 Vaults: D:13-14

Altars:
Ashenzari
Cheibriados
Dithmenos
Elyvilon
Fedhas
Gozag
Hepliaklqana
Kikubaaqudgha
Makhleb
Nemelex Xobeh
Okawaru
Qazlal
Ru
Sif Muna
Trog
Uskayaw
Vehumet
Wu Jian
Xom
Yredelemnul
Zin
The Shining One
Beogh
Jiyva
Lugonu

Shops:
D:1 !   D:3 [   D:8 *   D:9 *   Orc:2 [(*!

Portals:
Abyss: Lair:6

Annotations:
D:13 Frances
Swamp:2 1 runed translucent door, Valamore's ghost, adept MiMo


Innate Abilities, Weirdness & Mutations

You have a beak for a mouth.
You have claws for feet.
Your magical nature lets you fly swiftly and evasively.
You tend to lose your temper in combat.


Message History

Casting: Fireball (safe; 1% risk of failure)
Confirm with . or Enter, or press ? or * to list all spells.
Aiming: Fireball (safe; 1% risk of failure)
Press: ? - help, Shift-Dir - straight line, f - goliath frog
Aim: a goliath frog You feel a surge of power!
The fireball explodes!
The fireball engulfs the goliath frog!!
The goliath frog is heavily wounded.
The fireball engulfs the briar patch!!!
The briar patch is burned terribly!
You destroy the briar patch!
The fireball engulfs the briar patch!!
The briar patch is burned terribly!
You destroy the briar patch!
The fireball engulfs the briar patch!
The briar patch is burned terribly!
The briar patch is almost destroyed.
The five-headed hydra roars!
You hear a roar!
The tyrant leech is engulfed in blazing flames.
The thorn hunter gestures.
The goliath frog is engulfed in a cloud of scalding steam.
The goliath frog completely misses you.
The thorn hunter fires a volley of thorns at you.
The volley of thorns hits you!! The tyrant leech bites you!
* * * LOW HITPOINT WARNING * * *
The tyrant leech draws strength from your injuries!
The goliath frog is engulfed in a cloud of scalding steam.
As you read the scroll of fear, it crumbles to dust.
You assume a fearsome visage.
The tyrant leech looks frightened!
The five-headed hydra looks frightened!
The goliath frog resists with almost no effort.
The thorn hunter is unaffected.
The tyrant leech looks frightened!
The thorn hunter hits something!!
The goliath frog is engulfed in a cloud of scalding steam.
The goliath frog hits you but does no damage.
As you read the scroll of teleportation, it crumbles to dust.
You feel strangely unstable. The goliath frog hits you from afar!
* * * LOW HITPOINT WARNING * * *
You are splashed with acid.
* * * LOW HITPOINT WARNING * * *
The thorn hunter fires a volley of thorns at you.
The volley of thorns hits you!!
You die...

♣♣♣ ..♣ ..≈ ♣♣≈.♣
.≈≈≈ ♣♣♣♣♣♣.≈.♣♣#
≈≈≈≈♣♣.≈≈♣♣≈≈...#
≈§≈≈P♣♣≈..PPP.<.#
≈≈≈≈PP.w≈@♣PPP≈.#
.≈≈≈PP.♣.§.Pf!≈.#
..≈≈PP.○.F§P...w...
≈.≈≈PP§§§D§P♣..≈♣♣♣
≈.≈≈PP.≈≈§P♣≈..≈...
.≈≈≈PP.≈≈≈§.≈≈≈.D≈.
.≈≈≈P♣♣.≈≈≈.≈≈≈....
♣≈... ♣§≈≈........♣
♣♣♣♣ .D..♣♣...♣≈≈♣


You could see a thorn hunter, a six-headed hydra, a five-headed hydra (fleeing),
2 tyrant leeches and a goliath frog.

Vanquished Creatures
  2 orc warlords (Orc:2)
  Nessos (Orc:2)
  3 eleionomae (Swamp:2)
  Snorg (Orc:2)
  Josephine (Lair:6)
  A ghost crab (Swamp:2)
  9 hydras
  A boulder beetle (Lair:6)
  A catoblepas (Lair:3)
  3 two-headed ogres
  4 alligators
  2 centaur warriors
  2 thrashing horrors (Lair:6)
  4 orc high priests
  Nergalle (D:11)
  2 deep trolls (Orc:2)
  3 bog bodies
  A spriggan druid (Swamp:1)
  3 orc knights
  2 swamp dragons (Swamp:2)
  4 ugly things (Lair:6)
  A salamander (shapeshifter) (Lair:6)
  3 orc sorcerers (Orc:2)
  An oklob plant (Lair:3)
  20 elephants
  Maurice (D:10)
  A centaur zombie (D:11)
  2 smoke demons (Lair:6)
  A gargoyle (D:12)
  A torpor snail (Lair:5)
  2 black mambas (Lair:6)
  A naga mage (D:11)
  18 cane toads
  3 unseen horrors
  A kobold demonologist (D:12)
  2 large abominations (Lair:6)
  15 komodo dragons
  A polar bear (Lair:6)
  2 ancient zymes (Lair:6)
  4 trolls
  5 hornets
  Grinder (D:6)
  5 tyrant leeches
  Prince Ribbit (D:6)
  10 dream sheep
  15 blink frogs
  A meliai zombie (D:11)
  6 wraiths
  2 shadows
  6 spriggans
  6 wyverns
  2 ynoxinuls (Lair:6)
  35 yaks
  3 basilisks (Lair:6)
  2 chaos spawn (Lair:6)
  A steam dragon (Lair:4)
  2 vampire mosquitoes (Swamp:2)
  9 small abominations (Lair:6)
  7 swamp worms
  4 wargs (Orc:2)
  Edmund (D:6)
  18 water moccasins
  4 black bears
  A hornet zombie (D:7)
  2 swamp drakes
  41 orc warriors
  A sky beast (D:5)
  5 centaurs
  6 ogres
  16 wolves
  2 phantoms
  3 elf zombies (Ossuary)
  2 kobold brigands
  14 bullfrogs
  6 scorpions
  A water moccasin zombie (D:6)
  13 killer bees
  12 wights
  An electric eel (D:9)
  6 howler monkeys
  A human zombie (Ossuary)
  15 orc priests
  2 centaur skeletons
  A jelly (D:7)
  An iguana (D:4)
  30 orc wizards
  2 hell rats (Lair:3)
  A killer bee zombie (D:6)
  2 mummies (Ossuary)
  A howler monkey zombie (D:7)
  A howler monkey skeleton (D:5)
  5 adders
  4 gnolls (D:4)
  10 river rats (Lair:3)
  A shadow imp (D:6)
  A white imp (D:6)
  An adder skeleton (D:4)
  7 worms
  4 dart slugs
  105 orcs
  5 endoplasms
  5 giant cockroaches
  7 hobgoblins
  4 jackals (D:2)
  12 kobolds
  5 quokkas
  10 ball pythons
  8 bats
  6 frilled lizards
  9 goblins
  A goblin zombie (Ossuary)
  10 hobgoblin zombies (Ossuary)
  A jackal zombie (Ossuary)
  16 kobold zombies (Ossuary)
  4 orc zombies (Ossuary)
  6 rats
  A rat zombie (Ossuary)
  3 briar patches (Swamp:3)
717 creatures vanquished.

Vanquished Creatures (collateral kills)
  2 ball lightnings
  3 foxfires (Lair:2)
5 creatures vanquished.

Vanquished Creatures (others)
  A bloated husk (Swamp:2)
  A hornet (Swamp:2)
  A spriggan (Swamp:2)
  49 ball lightnings
  A briar patch (Swamp:3)
  251 foxfires
  54 fungi
  56 plants
  A withered plant (Swamp:2)
415 creatures vanquished.

Grand Total: 1137 creatures vanquished

Notes
Turn   | Place    | Note
-------+----------+-------------------------------------------
     0 | D:1      | VictoriousLee the Tengu Air Elementalist began the quest
                  | for the Orb.
     0 | D:1      | Reached XP level 1. HP: 10/10 MP: 4/4
   132 | D:1      | Reached skill level 2 in Conjurations
   242 | D:1      | Found Puocafis's Distillery.
   285 | D:1      | Reached XP level 2. HP: 15/15 MP: 1/6
   353 | D:1      | Reached skill level 3 in Conjurations
   360 | D:1      | Learned a level 2 spell: Static Discharge
   762 | D:1      | Reached XP level 3. HP: 19/19 MP: 4/7
  1059 | D:1      | Reached skill level 1 in Maces & Flails
  1507 | D:2      | Reached skill level 4 in Conjurations
  1868 | D:2      | Reached XP level 4. HP: 24/24 MP: 3/8
  2139 | D:2      | Identified the +1 leather armour of the Sun {Harm rN+ rCorr
                  | Int+3}
  2497 | D:2      | Reached skill level 5 in Air Magic
  3488 | D:3      | Gained mutation: Your magical nature lets you fly swiftly
                  | and evasively. [Tengu growth]
  3488 | D:3      | Reached XP level 5. HP: 28/28 MP: 6/9
  3868 | D:3      | Found Yckuu's Antique Armour Boutique.
  4012 | D:3      | Found a white marble altar of Elyvilon.
  4687 | D:4      | Noticed a kobold brigand
  4698 | D:4      | Killed a kobold brigand
  4699 | D:4      | Reached XP level 6. HP: 14/32 MP: 5/10
  5027 | D:4      | Found a sacrificial altar of Ru.
  5839 | D:4      | Learned a level 4 spell: Airstrike
  5895 | D:5      | Entered Level 5 of the Dungeon
  5938 | D:5      | Noticed a water moccasin
  5949 | D:5      | Killed a water moccasin
  5950 | D:5      | Reached skill level 1 in Fire Magic
  5950 | D:5      | Reached XP level 7. HP: 22/36 MP: 4/13
  6291 | D:5      | Noticed a troll
  6305 | D:5      | Killed a troll
  6406 | D:5      | Reached skill level 5 in Conjurations
  6406 | D:5      | Reached XP level 8. HP: 40/41 MP: 10/15
  6453 | D:5      | Reached skill level 6 in Conjurations
  6833 | D:5      | You are sucked into a shaft and drop 1 floor!
  7185 | D:6      | Reached skill level 10 in Air Magic
  7268 | D:6      | Reached skill level 1 in Fighting
  7440 | D:6      | Noticed Edmund
  7447 | D:6      | Killed Edmund
  7717 | D:6      | Reached XP level 9. HP: 45/49 MP: 11/16
  7899 | D:6      | Noticed Prince Ribbit
  7908 | D:6      | Killed Prince Ribbit
  8114 | D:6      | Reached skill level 5 in Dodging
  8519 | D:6      | Found a staircase to the Ecumenical Temple.
  8520 | D:6      | Noticed Grinder
  8547 | D:6      | Killed Grinder
  8619 | Temple   | Entered the Ecumenical Temple
  8882 | Temple   | Became a worshipper of Vehumet
  9213 | D:7      | Reached skill level 5 in Fighting
  9280 | D:7      | Found a sand-covered staircase.
  9286 | Ossuary  | Entered an ossuary
  9584 | Ossuary  | Reached * piety under Vehumet
  9584 | Ossuary  | Offered knowledge of Foxfire by Vehumet.
  9677 | Ossuary  | Learned a level 1 spell: Foxfire
  9962 | D:7      | Reached skill level 5 in Spellcasting
 10143 | D:7      | Reached XP level 10. HP: 43/63 MP: 12/19
 10273 | D:7      | Offered knowledge of Freeze by Vehumet.
 10329 | D:7      | Reached ** piety under Vehumet
 10657 | D:7      | Learned a level 4 spell: Flame Wave
 10707 | D:8      | Reached skill level 7 in Conjurations
 10746 | D:8      | Reached skill level 5 in Fire Magic
 10964 | D:8      | Found Tazugoph's Assorted Antiques.
 10972 | D:8      | Noticed a two-headed ogre
 10981 | D:8      | Killed a two-headed ogre
 10990 | D:8      | Bought an encrusted jade ring for 175 gold pieces
 10990 | D:8      | Bought a scroll labelled SONEDW VU HOMM for 35 gold pieces
 10990 | D:8      | Gained mutation: You tend to lose your temper in combat.
                  | [potion of mutation]
 11653 | D:9      | Offered knowledge of Dazzling Flash by Vehumet.
 12080 | D:9      | Reached *** piety under Vehumet
 12342 | D:9      | Reached skill level 8 in Conjurations
 12501 | D:9      | Found Kilifru's Assorted Antiques.
 12514 | D:9      | Bought a scroll labelled UGRUAC KYPPAUN for 21 gold pieces
 12610 | D:9      | Found a staircase to the Lair.
 12661 | D:9      | Reached skill level 9 in Conjurations
 12782 | D:9      | Identified the +1 robe "Muity" {rF+ Str+3 SInv}
 12926 | D:9      | Found a shadowy altar of Dithmenos.
 12943 | D:9      | Reached XP level 11. HP: 61/67 MP: 12/21
 13133 | D:9      | Found an ancient bone altar of Kikubaaqudgha.
 13297 | D:3      | Bought a translucent ring mail for 153 gold pieces
 13297 | D:3      | Identified the +2 ring mail of the Armoured One {rF+ Dex+6
                  | Stlth-} (You bought it in a shop on level 3 of the Dungeon)
 13484 | D:10     | Entered Level 10 of the Dungeon
 13489 | D:10     | Reached skill level 10 in Conjurations
 13495 | D:10     | Noticed Maurice
 13632 | D:10     | Offered knowledge of Inner Flame by Vehumet.
 13672 | D:10     | Killed Maurice
 13673 | D:10     | Reached skill level 11 in Conjurations
 13939 | D:10     | Noticed a two-headed ogre
 13948 | D:10     | Killed a two-headed ogre
 13949 | D:10     | Reached skill level 12 in Conjurations
 13957 | D:10     | Learned a level 5 spell: Fireball
 13963 | D:10     | Learned a level 5 spell: Iskenderun's Battlesphere
 14483 | Lair:1   | Entered Level 1 of the Lair of Beasts
 14921 | Lair:1   | Noticed a six-headed hydra
 14929 | Lair:1   | Killed a six-headed hydra
 16175 | Lair:2   | Reached **** piety under Vehumet
 16795 | Lair:3   | Reached XP level 12. HP: 72/72 MP: 15/26
 16807 | Lair:3   | Learned a level 7 spell: Orb of Destruction
 16867 | Lair:3   | Noticed a catoblepas
 16914 | Lair:3   | Killed a catoblepas
 17064 | Lair:3   | Reached skill level 10 in Spellcasting
 17145 | Lair:3   | Noticed a six-headed hydra
 17188 | Lair:3   | Killed a six-headed hydra
 17189 | Lair:3   | Reached skill level 13 in Conjurations
 17680 | Lair:3   | Reached skill level 14 in Conjurations
 17689 | Lair:3   | Found a staircase to the Swamp.
 17776 | Lair:3   | Offered knowledge of Mephitic Cloud by Vehumet.
 18134 | Lair:3   | Reached skill level 15 in Conjurations
 18823 | Lair:4   | Reached skill level 16 in Conjurations
 19152 | Lair:4   | Found a hole to the Spider Nest.
 19152 | Lair:4   | Noticed a boulder beetle
 19428 | Lair:4   | Reached skill level 17 in Conjurations
 19428 | Lair:4   | Reached XP level 13. HP: 76/76 MP: 22/28
 20009 | Lair:5   | Found the +3 crown of Dyrovepreva {rElec Int+2 SInv}
 20031 | Lair:5   | Reached skill level 18 in Conjurations
 20271 | Lair:5   | Reached ***** piety under Vehumet
 20275 | Lair:5   | Offered knowledge of Ozocubu's Refrigeration by Vehumet.
 20631 | Lair:5   | Reached skill level 19 in Conjurations
 20816 | Lair:5   | Found a viscous altar of Jiyva.
 20816 | Lair:5   | Found a staircase to the Slime Pits.
 21206 | Lair:6   | Entered Level 6 of the Lair of Beasts
 21430 | Lair:6   | Reached skill level 10 in Fire Magic
 21741 | Lair:6   | Noticed Josephine
 21744 | Lair:6   | Killed Josephine
 21993 | Lair:6   | Reached XP level 14. HP: 82/82 MP: 1/29
 22481 | Lair:6   | Identified the +9 long sword "Iheregg" {vorpal, rF+ Str+2
                  | Int-2 Dex+8}
 22519 | Lair:6   | Learned a level 6 spell: Conjure Ball Lightning
 22576 | Lair:6   | Identified the +7 flail of Xusuv {speed, Str+3}
 22978 | Lair:6   | Offered knowledge of Olgreb's Toxic Radiance by Vehumet.
 23655 | Lair:6   | Found a one-way gate to the infinite horrors of the Abyss.
 23657 | Lair:6   | Found a corrupted altar of Lugonu.
 23724 | Lair:6   | Found a shimmering altar of Xom.
 23810 | Lair:6   | Reached skill level 10 in Fighting
 24467 | D:9      | Bought a buckler for 94 gold pieces
 24715 | D:11     | Noticed Nergalle
 24722 | D:11     | Killed Nergalle
 24920 | D:11     | Reached skill level 1 in Shields
 25063 | D:11     | Reached skill level 1 in Long Blades
 26470 | D:12     | Identified a scroll of acquirement
 26562 | D:12     | Found a staircase to the Orcish Mines.
 27314 | D:13     | Noticed Frances
 27754 | Orc:1    | Entered Level 1 of the Orcish Mines
 27913 | D:12     | Acquired the ring "Soant" {Wiz Contam rN+ Dex+3 SInv}
 28536 | Orc:2    | Entered Level 2 of the Orcish Mines
 28536 | Orc:2    | Noticed an orc warlord
 28859 | Orc:2    | Noticed Nessos
 28901 | Orc:2    | Killed an orc warlord
 28902 | Orc:2    | Reached XP level 15. HP: 38/92 MP: 7/31
 28903 | Orc:1    | HP: 3/92 [poisoned by Nessos]
 29053 | Orc:2    | Killed Nessos
 29148 | Orc:2    | Noticed Snorg
 29152 | Orc:2    | Killed Snorg
 29392 | Orc:2    | Reached skill level 5 in Long Blades
 29490 | Orc:2    | Found Nywkem's Distillery.
 29659 | Orc:2    | Offered knowledge of Irradiate by Vehumet.
 29665 | Orc:2    | Found Xitud's General Store.
 29776 | Orc:2    | Found a staircase to the Elven Halls.
 30227 | Orc:2    | Noticed an orc warlord
 30499 | Orc:2    | Killed an orc warlord
 30695 | Orc:2    | Found Nuimoc's Antique Weapon Boutique.
 30699 | Orc:2    | Found Ixeum's Antique Armour Shop.
 30721 | Orc:2    | Bought a heavily jewelled robe for 182 gold pieces
 30721 | Orc:2    | Identified the +1 robe of Lugonu's Vengeance {rPois Regen+
                  | MP-9} (You bought it in a shop on level 2 of the Orcish
                  | Mines)
 30790 | Orc:2    | Bought a potion of heal wounds for 55 gold pieces
 30790 | Orc:2    | Bought a potion of cancellation for 88 gold pieces
 30790 | Orc:2    | Bought a potion of haste for 110 gold pieces
 31057 | Swamp:1  | Entered Level 1 of the Swamp
 31181 | Swamp:1  | Learned a level 2 spell: Blink
 31573 | Swamp:2  | Reached skill level 1 in Translocations
 31584 | Swamp:2  | Noticed a thorn hunter
 32076 | Swamp:2  | Reached skill level 10 in Long Blades
 32242 | Swamp:2  | Offered knowledge of Spellforged Servitor by Vehumet.
 32600 | Swamp:2  | Acquired 616 gold pieces
 32645 | Swamp:2  | Found a runed translucent door.
 32646 | Swamp:2  | Noticed Valamore's ghost (adept MiMo)
 32880 | Swamp:3  | Noticed a thorn hunter
 32889 | Swamp:3  | Killed from afar by a thorn hunter

Illustrated notes

Levels and vault maps discovered:
D:1:      saegor_arrival_fortress, layout_basic, serial_shops,
          nicolae_shop_stone, corexii_item_surrounded_by_moat,
          supply_closet_lemuel, minmay_misc_feat_cross, minmay_3d_cube
D:2:      minmay_recursive_quarters, layout_loops_corners, corexii_corridor_pit
D:3:      layout_loops_corners, lemuel_doored_altar, serial_shops,
          nicolae_shop_stone
D:4:      layout_basic, nicolae_ru_path_of_blood, serial_rivers,
          chequers_serial_rivers_micro_e, chequers_serial_rivers_room_b,
          chequers_serial_rivers_micro_c, chequers_serial_rivers_small_b
D:5:      layout_basic
D:6:      layout_basic, minmay_temple_entry_drinking_statues, uniq_edmund,
          uniq_grinder, uniq_prince_ribbit1
D:7:      layout_basic, enter_ossuary_2
D:8:      layout_rooms, serial_shops, shop, serial_bayou_pond_a
D:9:      layout_loops_cross, mainiacjoe_overflow_alcove_2,
          lemuel_crystal_altar, serial_shops, nicolae_inconvenience_store
D:10:     layout_rooms, chequers_arboretum, uniq_maurice
D:11:     layout_stronghold, minmay_librarian, uniq_nergalle
D:12:     layout_loops_ring, orc_0_dummy
D:13:     minmay_stepped, layout_cave_pools, david_vaults_1, uniq_frances
Temple:   dpeg_five_rooms_temple
Lair:1:   layout_gridlike
Lair:2:   layout_cave_pods
Lair:3:   layout_roguey, skrybe_swamp_entry_bodies, kennysheep_rathole,
          lemuel_fruit_tree, serial_bayou_shore_b, grunt_megastairs_2
Lair:4:   layout_long_grid, nicolae_spider_entry_non_spiders,
          beast_lair_carwin_11
Lair:5:   layout_roguey, slime_altar_1, serial_bayou_shore_a
Lair:6:   hellmonk_lair_end_abyssal_woods, layout_loops_ring, basic_altar,
          grunt_megastairs_5, uniq_josephine
Swamp:1:  layout_basic_swamp, evilmike_swamp_ruin_house_2
Swamp:2:  layout_basic_swamp, gammafunk_ghost_grave, hangedman_swamp_ruin_wall
Swamp:3:  layout_basic_swamp, evilmike_swamp_ruin_house_6, swamp_pool1
Orc:1:    layout_caves, basic_altar, minmay_orc_barracks
Orc:2:    grunt_orc_community_town_hall, layout_diamond_mine,
          grunt_orc_community_big_house_1, grunt_orc_community_big_house_1,
          grunt_orc_community_house_1, grunt_orc_community_house_1,
          grunt_orc_community_house_2, grunt_orc_community_house_1,
          guppyfry_orc_lava_fort, uniq_snorg, uniq_nessos

Skill      XL: |  1  2  3  4  5  6  7  8  9 10 11 12 13 14 15 |
---------------+----------------------------------------------+-----
Conjurations   | 2 3 4 5 6 9 12 17 19 | 19.0
Maces & Flails | 1 |  1.1
Air Magic      | 5 7 8 10 11 12 | 12.0
Spellcasting   | 3 4 5 6 9 10 11 | 11.1
Fire Magic     | 1 4 8 11 12 | 12.1
Fighting       | 2 7 10 | 10.0
Dodging        | 4 5 |  5.7
Shields        | 2 |  2.0
Long Blades    | 4 10 | 10.7
Translocations | 2 |  2.0
Stealth        | |  2.0
Evocations     | |  0.4

Action                   |  1- 3 |  4- 6 |  7- 9 | 10-12 | 13-15 || total
-------------------------+-------+-------+-------+-------+-------++-------
Melee: Club              |    18 |     3 |       |       |       ||    21
       Kick              |     1 |     4 |    19 |    16 |    15 ||    55
       Peck              |     1 |     3 |     5 |     9 |     7 ||    25
       Whip              |       |    19 |    46 |    12 |       ||    77
       Staff             |       |       |       |    19 |    32 ||    51
Throw: Dart              |       |       |       |     1 |       ||     1
 Cast: Shock             |    63 |   130 |   154 |   240 |   438 ||  1025
       Static Discharge  |       |     1 |     2 |    20 |    24 ||    47
       Airstrike         |       |       |     3 |    20 |    15 ||    38
       Foxfire           |       |       |    37 |   110 |       ||   147
       Flame Wave        |       |       |       |    23 |     9 ||    32
       Iskenderun's Batt |       |       |       |    60 |   131 ||   191
       Fireball          |       |       |       |    18 |   146 ||   164
       Orb of Destructio |       |       |       |     4 |    23 ||    27
       Conjure Ball Ligh |       |       |       |       |    22 ||    22
       Blink             |       |       |       |       |     3 ||     3
Evoke: Wand              |       |       |    10 |     3 |     6 ||    19
       Condenser vane    |       |       |       |     1 |       ||     1
  Use: Potion            |       |     1 |       |     4 |     1 ||     6
       Scroll            |       |     2 |     4 |    13 |    15 ||    34
Armor: Robe              |    14 |     5 |       |     6 |     5 ||    30
       Leather armour    |       |     1 |    31 |     7 |       ||    39
       Ring mail         |       |       |       |     7 |    87 ||    94
       Skin              |       |       |       |     3 |       ||     3
Dodge: Dodged            |    30 |    26 |    47 |   112 |   147 ||   362
Block: Buckler           |       |       |       |       |    29 ||    29
